Map: Kairos Junction LE

Players

zuka - Winner!

  • Race: Protoss Protoss
  • League: Master
  • Spawn Location: 11:00

Ziomek

  • Race: Protoss Protoss
  • League: Grandmaster
  • Spawn Location: 5:00

VOD

Have the link to the VOD?

Description

Time

  • Played on: April 3, 2019, 3:49 p.m.
  • Length: 7:04
Show
View Real Time Build Order
Export as new Build Order

zuka Protoss - Winner!

Build Orders:  

Get SALT Encoding   

  12  0:00  Probe  
  13  0:12  Probe  
  14  0:17  Pylon  
  14  0:21  Probe  
  15  0:31  Probe  
  16  0:38  Gateway  
  16  0:41  Probe  
  16  0:47  Assimilator  
  17  0:53  Probe  
  17  0:55  Assimilator  
  18  1:01  Probe  
  18  1:09  Probe  
  19  1:15  Gateway  
  20  1:20  Probe  
  21  1:28  Cybernetics Core  
  21  1:32  Probe  
  22  1:40  Pylon  
  22  1:44  Probe  
  23  1:58  Warp Gate, Probe  
  24  2:06  Stalker, Sentry  
  28  2:23  Pylon  
  28  2:35  Nexus  
  28  2:44  Stalker  
  28  2:50  Stalker  
  32  3:01  Robotics Facility  
  32  3:08  Probe  
  33  3:20  Probe  
  33  3:23  Twilight Council  
  34  3:32  Pylon  
  34  3:33  Probe  
  35  3:40  Charge  
  35  3:45  Probe  
  35  3:47  Probe  
  37  3:57  Probe  
  37  3:59  Probe  
  37  4:00  Immortal  
  39  4:09  Probe  
  44  4:11  Probe  
  45  4:22  Probe  
  46  4:27  Gateway  
  47  4:33  Gateway  
  47  4:36  Stalker  
  48  4:43  Warp Prism  
  48  4:48  Gateway  
  48  4:50  Gateway  
  48  5:02  Gateway  
  48  5:06  Zealot x2  
  52  5:19  Observer  
  53  5:22  Zealot  
  53  5:26  Pylon  
  55  5:29  Zealot x3  
  55  5:31  Pylon  
  61  5:54  Zealot x5  
  61  5:55  Zealot  
  73  5:57  Zealot  
  75  6:15  Zealot x4  
  75  6:21  Zealot  
  75  6:22  Zealot  
  69  6:39  Zealot  
  67  6:40  Zealot x4  
  67  6:45  Zealot  
  76  7:01  Pylon  
  76  7:03  Pylon  
Show
View Real Time Build Order
Export as new Build Order

Ziomek Protoss 

Build Orders: Phoenix Opening 

Get SALT Encoding   

  12  0:01  Probe  
  13  0:13  Probe  
  14  0:18  Pylon  
  14  0:25  Probe  
  15  0:33  Probe  
  15  0:40  Gateway  
  15  0:41  Probe  
  17  0:51  Assimilator  
  17  0:52  Probe  
  18  0:58  Assimilator  
  18  1:02  Probe  
  18  1:10  Probe  
  19  1:12  Gateway  
  20  1:18  Probe  
  21  1:27  Cybernetics Core  
  21  1:31  Probe  
  22  1:36  Pylon  
  22  1:43  Probe  
  23  1:55  Probe  
  24  2:04  Stalker, Sentry  
  24  2:05  Warp Gate  
  24  2:07  Probe  
  29  2:12  Pylon  
  29  2:24  Pylon  
  29  2:26  Probe  
  30  2:38  Probe  
  35  2:50  Probe  
  32  2:55  Nexus  
  32  3:00  Phoenix  
  32  3:01  Stalker  
  32  3:02  Probe  
  35  3:05  Stalker  
  37  3:14  Probe  
  37  3:18  Robotics Facility  
  38  3:27  Probe  
  39  3:42  Forge  
  39  3:58  Pylon  
  39  4:05  Probe  
  39  4:06  Probe  
  39  4:07  Adept x2, Observer  
  46  4:13  Probe  
  46  4:14  Probe  
  47  4:21  Probe  
  47  4:23  Probe  
  48  4:26  Pylon  
  48  4:29  Immortal  
  54  4:33  Phoenix, Probe  
  54  4:35  Probe  
  56  4:40  Pylon  
  56  4:45  Probe  
  56  4:47  Probe  
  56  4:53  Sentry x2  
  56  4:55  Shield Battery  
  56  4:57  Protoss Ground Weapons Level 1  
  56  4:58  Probe  
  56  4:59  Probe  
  60  5:06  Assimilator  
  60  5:08  Assimilator  
  60  5:10  Probe  
  60  5:11  Immortal, Twilight Council  
  60  5:12  Probe  
  62  5:26  Shield Battery  
  66  5:29  Gateway  
  66  5:30  Gateway, Sentry  
  68  5:35  Sentry  
  70  5:44  Warp Prism  
  70  5:45  Pylon  
  70  5:53  Gateway  
  70  5:57  Stalker  
  74  6:08  Zealot  
  66  6:21  Adept  
  60  6:27  Adept x2  
  61  6:39  Adept  
  55  6:44  Adept  
  47  6:49  Adept x3  
Tags
 
Add a new tag
Caveats
  • Supply blocks, unpowered buildings, or Contaminate may cause inaccurate times.
  • Supply counts are checked every 10 seconds.